 Dungeon Crawl Stone Soup version 0.31-a0-1352-gc98d92de7d (webtiles) character file.

Game seed: 2889769157814382744

92 shadizar the Slasher (level 4, 0/1 (38) HPs)
             Began as a Gnoll Reaver on Dec 22, 2023.
             Slain by an adder (1 damage)
             ... on level 6 of the Dungeon.
             The game lasted 00:07:55 (1966 turns).

shadizar the Slasher (Gnoll Reaver)                 Turns: 1966, Time: 00:07:56

HP:   0/1 (38)      AC:  8    Str: 13    XL:     4   Next: 60%
MP:   11/11         EV: 12    Int: 13    God:
Gold: 94            SH:  0    Dex: 10    Spells: 12/13 levels left

rFire   . . .        a - +0 falchion
rCold   . . .        (no shield)
rNeg    . . .        b - +0 leather armour
rPois   .            i - +0 helmet
rElec   .            (no cloak)
rCorr   .            (no gloves)
SInv    .            (no boots)
Will    .....        (no amulet)
Stlth   +            f - +4 ring of protection
HPRegen 0.20/turn    (no ring)
MPRegen 0.12/turn

%: no passive effects
@: extremely drained
A: fangs 1, strong nose, distributed training
a: no special abilities


You were on level 6 of the Dungeon.
You visited 1 branch of the dungeon, and saw 4 of its levels.

You collected 94 gold pieces.

Inventory:

Hand Weapons
 a - a +0 falchion (weapon)
 j - a +0 sling
Armour
 b - a +0 leather armour (worn)
 i - a +0 helmet (worn)
Jewellery
 f - a +4 ring of protection (left hand)
Scrolls
 d - 3 scrolls of identify {unknown}
 e - 2 scrolls of enchant armour {unknown}
 h - a scroll of teleportation {unknown}
 k - a scroll of blinking {unknown}
Potions
 c - a potion of curing {unknown}
 g - a potion of cancellation {unknown}


   Skills:
 + Level 4.7 Fighting
 + Level 1.2 Short Blades
 + Level 6.6 Long Blades
 + Level 1.2 Axes
 + Level 1.2 Maces & Flails
 + Level 1.2 Polearms
 + Level 1.2 Staves
 + Level 1.2 Ranged Weapons
 + Level 1.2 Throwing
 + Level 1.2 Armour
 + Level 4.7 Dodging
 + Level 1.2 Stealth
 + Level 1.2 Shields
 + Level 1.2 Unarmed Combat
 + Level 5.1 Spellcasting
 + Level 5.5 Conjurations
 + Level 1.0 Hexes
 + Level 1.0 Summonings
 + Level 1.0 Necromancy
 + Level 1.0 Translocations
 + Level 1.0 Fire Magic
 + Level 1.0 Ice Magic
 + Level 1.0 Air Magic
 + Level 1.0 Earth Magic
 + Level 1.0 Alchemy
 + Level 1.3 Invocations
 + Level 1.2 Evocations
 + Level 1.1 Shapeshifting


You had 12 spell levels left.
You knew the following spells:

 Your Spells              Type           Power      Damage    Failure   Level
a - Kiss of Death         Conj/Necr      44%        2d8       6%          1

Your spell library contained the following spells:

 Spells                   Type           Power      Damage    Failure   Level
 Momentum Strike          Conj/Tloc      22%        3d8       10%         2
 Hailstorm                Conj/Ice       11%        3d6       19%         3
 Stone Arrow              Conj/Erth      22%        3d8       19%         3
 Animate Armour           Summ/Erth      10%        N/A       83%         4
 Lehudib's Crystal Spear  Conj/Erth      5%         10d3      100%        8


Dungeon Overview and Level Annotations

Branches:
Dungeon (3/15)

Altars:
Dithmenos
Elyvilon
Trog
Yredelemnul


Innate Abilities, Weirdness & Mutations

You have very sharp teeth.
Your uncanny sense of smell can sniff out nearby items.
Your experience applies equally to all skills.


Message History

You barely miss the frilled lizard. The frilled lizard misses you.
You hit the frilled lizard.
You kill the frilled lizard!
Found a club.
You see here a +0 dagger.
Found a stone staircase leading up.
A malevolent force fills the Dungeon...
You fall into a shaft and drop 3 floors!
The shaft crumbles and collapses.
Found a book of Armaments and 10 gold pieces.
You pick up a book of Armaments and begin reading...
You add the spells Stone Arrow, Animate Armour and Lehudib's Crystal Spear to your library.
You now have 94 gold pieces (gained 10).
Found a flail.
Found 5 stones.
d - 3 scrolls labelled UHUGOS KENAI (gained 1)
e - 2 scrolls labelled MIXZYE FOVUC (gained 1)
A hound comes into view.
You see here 5 stones.
A hound is nearby!
A hound is nearby!
A hound is nearby!
Found a basalt altar of Yredelemnul and a shadowy altar of Dithmenos.
Found a white marble altar of Elyvilon.
You open the door.
Found a bloodstained altar of Trog.
There is an open door here.
There is a bloodstained altar of Trog here.
As you open the door, it creaks loudly!
You hear an angry hiss.
An adder comes into view.
There is an open door here.
Found 11 gold pieces.
Found 13 gold pieces.
The adder barely misses you.
You closely miss the adder. The adder closely misses you.
You hit the adder.
The adder is moderately wounded.
The adder bites you.
Ouch! That really hurt!
You die...

#..........#..####
#..........##....##
#..........##..#..#
#..........###..#.#
#..........# ##.# #####
###############.#......
#≈§§≈≈....###
########≈###§§.....#
$.....S@.'_§.§.#...#..
.......#≈###≈.##.._#_.
.$.....#≈≈≈≈≈## #### #
.......##.#### ._
....... ∆.# ..# .......
## .#. ....... .......


You could see an adder.

Vanquished Creatures
  Jessica (D:2)
  Robin (D:2)
  An adder (D:2)
  4 bats
  An endoplasm (D:1)
  5 giant cockroaches
  10 goblins
  10 hobgoblins
  4 ball pythons
  2 frilled lizards
  A kobold (D:1)
  2 rats
42 creatures vanquished.

Notes
Turn   | Place    | Note
-------+----------+-------------------------------------------
     0 | D:1      | shadizar the Gnoll Reaver began the quest for the Orb.
     0 | D:1      | Reached XP level 1. HP: 20/20 MP: 6/6
   102 | D:1      | Reached XP level 2. HP: 26/26 MP: 7/7
   519 | D:1      | Found a faded altar of an unknown god.
   966 | D:2      | Noticed Jessica
   981 | D:2      | Reached skill level 5 in Spellcasting
   981 | D:2      | Reached XP level 3. HP: 31/31 MP: 7/9
  1013 | D:2      | Killed Jessica
  1014 | D:2      | Reached skill level 1 in Short Blades
  1014 | D:2      | Reached skill level 1 in Axes
  1014 | D:2      | Reached skill level 1 in Maces & Flails
  1014 | D:2      | Reached skill level 1 in Polearms
  1014 | D:2      | Reached skill level 1 in Staves
  1014 | D:2      | Reached skill level 1 in Ranged Weapons
  1014 | D:2      | Reached skill level 1 in Throwing
  1014 | D:2      | Reached skill level 1 in Armour
  1014 | D:2      | Reached skill level 1 in Stealth
  1014 | D:2      | Reached skill level 1 in Shields
  1014 | D:2      | Reached skill level 1 in Unarmed Combat
  1014 | D:2      | Reached skill level 1 in Invocations
  1014 | D:2      | Reached skill level 1 in Evocations
  1110 | D:2      | Reached skill level 1 in Shapeshifting
  1110 | D:2      | Reached XP level 4. HP: 21/38 MP: 11/11
  1354 | D:2      | Noticed Robin
  1372 | D:2      | Killed Robin
  1373 | D:2      | Reached skill level 1 in Hexes
  1373 | D:2      | Reached skill level 1 in Summonings
  1373 | D:2      | Reached skill level 1 in Necromancy
  1373 | D:2      | Reached skill level 1 in Translocations
  1373 | D:2      | Reached skill level 1 in Fire Magic
  1373 | D:2      | Reached skill level 1 in Ice Magic
  1373 | D:2      | Reached skill level 1 in Air Magic
  1373 | D:2      | Reached skill level 1 in Earth Magic
  1373 | D:2      | Reached skill level 1 in Alchemy
  1900 | D:3      | You fall into a shaft and drop 3 floors!
  1952 | D:6      | Found a basalt altar of Yredelemnul.
  1952 | D:6      | Found a shadowy altar of Dithmenos.
  1953 | D:6      | Found a white marble altar of Elyvilon.
  1957 | D:6      | Found a bloodstained altar of Trog.
  1966 | D:6      | Slain by an adder

Illustrated notes

Levels and vault maps discovered:
D:1:      elethiomel_arrival_shortcut, layout_basic, serial_aquarium,
          aquarium_bridge_square [aquarium_subvault_balcony,
          aquarium_subvault_bridge, aquarium_subvault_balcony,
          aquarium_subvault_balcony], aquarium_window_corridor_3,
          aquarium_window_1, aquarium_view_2d, aquarium_view_2d,
          chequers_ecumenical_altar_simple, amethyst_killhole
D:2:      layout_loops_cross, serial_forest, infiniplex_forest_end_1,
          infiniplex_forest_clump_curved, infiniplex_forest_clump_curved,
          infiniplex_forest_clump_small, infiniplex_forest_end_2,
          infiniplex_forest_clump_small, infiniplex_forest_lined_3,
          infiniplex_forest_clump_cross, infiniplex_forest_clump_long,
          uniq_robin, uniq_jessica
D:3:      layout_basic, chequers_big_river, minmay_misc_feat_hallway,
          uniq_natasha, uniq_grinder
D:6:      layout_rooms, kennysheep_mini_moat, nicolae_overflow_quartered_altars,
          nicolae_alphabet_shops

Skill      XL: |  1  2  3  4 |
---------------+-------------+-----
Spellcasting   | 5 |  5.1
Short Blades   | 1 |  1.2
Axes           | 1 |  1.2
Maces & Flails | 1 |  1.2
Polearms       | 1 |  1.2
Staves         | 1 |  1.2
Ranged Weapons | 1 |  1.2
Throwing       | 1 |  1.2
Armour         | 1 |  1.2
Stealth        | 1 |  1.2
Shields        | 1 |  1.2
Unarmed Combat | 1 |  1.2
Invocations    | 1 |  1.3
Evocations     | 1 |  1.2
Shapeshifting  | 1 |  1.1
Hexes          | 1 |  1.0
Summonings     | 1 |  1.0
Necromancy     | 1 |  1.0
Translocations | 1 |  1.0
Fire Magic     | 1 |  1.0
Ice Magic      | 1 |  1.0
Air Magic      | 1 |  1.0
Earth Magic    | 1 |  1.0
Alchemy        | 1 |  1.0
Fighting       | |  4.7
Long Blades    | |  6.6
Dodging        | |  4.7
Conjurations   | |  5.5

Action                     |  1- 3 |  4- 6 || total
---------------------------+-------+-------++-------
  Melee: Falchion          |    74 |    36 ||   110
         Bite              |     6 |     2 ||     8
         Punch             |     1 |       ||     1
   Cast: Kiss of Death     |       |     7 ||     7
 Armour: Leather armour    |    46 |    28 ||    74
  Dodge: Dodged            |    52 |    24 ||    76

Table legend: (Time is in decaauts)
 A = Elapsed time spent in this place.
 B = Non-inter-level travel time spent in this place.
 C = Inter-level travel time spent in this place.
 D = Time resting spent in this place.
 E = Time spent auto-exploring this place.
 F = Levels seen in this place.
 G = Mean time per level.
                   A        B        C        D        E       F      G
               +--------+--------+--------+--------+--------+-----+--------+
         Total |   1961 |   1899 |     62 |      0 |   1553 |   4 |  490.2 |
       Dungeon |   1961 |   1899 |     62 |      0 |   1553 |   4 |  490.2 |
               +--------+--------+--------+--------+--------+-----+--------+

Top non-repeatable levels by time:
     D:1: 954 daAuts
     D:2: 811 daAuts
     D:3: 130 daAuts
     D:6: 65 daAuts
